AoeStats
← Kanyaga

Arabia

509428762Analyzed
1v1 RM · 5d ago on Sep 26, 2026· 46m 4s· 2 players
Game mode
Random Map
Map size
Tiny (2 player)
Population
200
Speed
Normal
Resources
Standard
Victory
Conquest
Starting age
Dark Age
Ending age
Imperial Age
RankedLock teamsTeams togetherTeam positionsShared explorationLock speedFull tech treeHidden civsTurbo modeCheats
Victory
Defeat
🇮🇹 Romans · Italy
1634
+15
🇹🇷 Maya · Türkiye
1623
-15
Kanyaga
0:25 Loom
10:16 Feudal Age
11:59 Double-Bit Axe
14:15 Fletching
15:04 Padded Archer Armor
18:09 Town Watch
22:37 Castle Age
20:47 Gold Mining
20:45 Horse Collar
21:32 Scale Mail Armor
23:12 Bodkin Arrow
22:49 Crossbowman
24:54 Chain Mail Armor
26:10 Wheelbarrow
25:44 Thumb Ring
27:37 Ballistics
31:01 Hand Cart
33:50 Leather Archer Armor
34:11 Eagle Warrior
39:48 Forging
47:39 Imperial Age
Zaccanasta Commissario
6:36 Loom
9:21 Feudal Age
9:23 Man-at-Arms
13:18 Double-Bit Axe
14:03 Fletching
15:10 Horse Collar
18:55 Padded Archer Armor
22:05 Castle Age
22:10 Elite Skirmisher
23:01 Bodkin Arrow
24:26 Scale Barding Armor
24:48 Leather Archer Armor
27:20 Wheelbarrow
28:25 Chain Barding Armor
28:58 Bloodlines
32:02 Bow Saw
34:57 Forging
37:05 Hand Cart
43:36 Imperial Age
42:03 Iron Casting
42:22 Town Watch
45:03 Plate Barding Armor
45:52 Chemistry
44:36 Cavalier
Connection lost

Rejoining the realm…

Still unreachable

The connection could not be restored.

Session expired

The server has moved on; the page needs a fresh start.